 Dungeon Crawl Stone Soup version 0.19.4-8-ga85b6b9 (webtiles) character file.

34 winWinterter the Skirmisher (level 3, 30/30 HPs)
             Began as a Formicid Abyssal Knight on Feb 13, 2017.
             Was a Follower of Lugonu.
             Got out of the dungeon alive.
             The game lasted 00:01:49 (1150 turns).

winWinterter the Skirmisher (FoAK)                  Turns: 1150, Time: 00:01:49

Health: 30/30      AC:  3    Str: 16    XL:     3   Next: 50%
Magic:  4/4        EV: 11    Int: 11    God:    Lugonu [*.....]
Gold:   38         SH:  0    Dex: 11    Spells: 0 memorised, 2 levels left

rFire  . . .     SeeInvis +     a - +1 falchion
rCold  . . .     Gourm    .     b - +0 leather armour
rNeg   . . .     Faith    .     (no shield)
rPois  .         Spirit   .     (helmet unavailable)
rElec  .         Reflect  .     (no cloak)
rCorr  .         Harm     .     (no gloves)
MR     .....                    (no boots)
Stlth  +.........               (no amulet)
                                (no ring)
                                (no ring)

@: no status effects
A: permanent stasis, dig shafts and tunnels, four strong arms, antennae 3
a: Dig, Shaft Self, Depart the Abyss, Renounce Religion


You escaped.
You worshipped Lugonu.
Lugonu was aware of your devotion.
You were hungry.

You visited 1 branch of the dungeon, and saw 1 of its levels.
You visited the Abyss 1 time.

You collected 38 gold pieces.

Inventory:

Hand Weapons
 a - a +1 falchion (weapon)
Armour
 b - a +0 leather armour (worn)
Scrolls
 d - a scroll of identify {unknown}
 h - a scroll of enchant armour {unknown}
Potions
 e - a potion of curing {unknown}
 f - a potion of cancellation {unknown}
 g - a potion of agility {unknown}
 i - a potion of lignification {unknown}
Comestibles
 c - a bread ration


   Skills:
 + Level 3.7 Fighting
 * Level 2.6 Long Blades
 + Level 2.5 Armour
 + Level 1.0 Dodging
 + Level 2.6 Invocations


You had 2 spell levels left.
You didn't know any spells.

Dungeon Overview and Level Annotations

Branches:
Dungeon (1/15)

Altars:


Innate Abilities, Weirdness & Mutations

You are under a permanent stasis effect.
You can dig through walls and to a lower floor.
Your four strong arms can wield two-handed weapons with a shield.
You have a pair of large antennae on your head. (SInv)


Message History

Found a ring mail.
Found a helmet.
You are feeling hungry.
Found a hand axe.
A bat comes into view.
No target in view!
No target in view!
No target in view!
The bat is too close now for your liking.
The bat hits you but does no damage.
You slash the bat!
You kill the bat!
Lugonu accepts your kill.
Found 5 large rocks.
Found 12 gold pieces.
You see here a club.
You see here 17 arrows.
There is a staircase leading out of the dungeon here.
Are you sure you want to leave the Dungeon?
This will make you lose the game!
You have escaped!

#.# #.#
#.#
###.###
#.....#
#.....#
#.....#
#.....#
#..@..#
#######


There were no monsters in sight!

Vanquished Creatures
  A gnoll (D:1)
  An ufetubus (Abyss:1)
  4 bats (D:1)
  A goblin (D:1)
  3 hobgoblins (D:1)
  3 jackals (D:1)
  A kobold (D:1)
  4 rats (D:1)
18 creatures vanquished.

Notes
Turn   | Place    | Note
-------+----------+-------------------------------------------
     0 | Abyss:1  | winWinterter the Formicid Abyssal Knight began the quest for the Orb.
     0 | Abyss:1  | Reached XP level 1. HP: 18/18 MP: 2/2
    66 | Abyss:1  | Found a corrupted altar of Lugonu.
   107 | Abyss:1  | Noticed a large abomination
   116 | Abyss:1  | Noticed a yak
   118 | Abyss:1  | Noticed a troll
   118 | Abyss:1  | a yak changed into a troll
   122 | Abyss:1  | Found a corrupted altar of Lugonu.
   126 | Abyss:1  | Noticed a worldbinder
   127 | Abyss:1  | Noticed a siren
   135 | Abyss:1  | Noticed a siren
   150 | Abyss:1  | Noticed a siren
   150 | Abyss:1  | Noticed a siren
   151 | D:1      | Escaped the Abyss
   418 | D:1      | Reached XP level 2. HP: 13/24 MP: 3/3
   579 | D:1      | Reached * piety under Lugonu
   579 | D:1      | Reached XP level 3. HP: 18/29 MP: 4/4
   738 | D:1      | Reached skill level 1 in Dodging
  1150 | D:$      | Got out of the dungeon alive.

Skill      XL: |  1  2  3 |
---------------+----------+-----
Dodging        | 1 |  1.0
Fighting       | |  3.7
Long Blades    | |  2.6
Armour         | |  2.5
Invocations    | |  2.6

Action                   || total
-------------------------++-------
Melee: Falchion          ||    38
Invok: Depart the Abyss  ||     1
Armor: Leather armour    ||    18
Dodge: Dodged            ||    35
       Rpst.: Falchion   ||    15
